 Dungeon Sprint DCSS version 0.16-a0-3841-g2612308 (console) character file.

511 Monkaria the Severer (level 7, -7/109 HPs)
             Began as a Hill Orc Fighter on Jan 30, 2015.
             Was a Follower of Makhleb.
             Mangled by an emperor scorpion (19 damage)
             ... in the Dungeon (Sprint VII: "The Pits").
             The game lasted 00:02:15 (983 turns).

Monkaria the Severer (Hill Orc Fighter)              Turns: 983, Time: 00:02:16

Health: -7/109     AC: 12    Str: 26      XL:     7   Next: 19%
Magic:  7/7        EV:  6    Int:  3 (8)  God:    Makhleb [*.....]
Gold:   0          SH:  9    Dex: 10      Spells: 0 memorised, 6 levels left

rFire  . . .     SeeInvis .     a - +0 war axe
rCold  . . .     Clarity  .     m - +3 chain mail
rNeg   . . .     SustAb   .     c - +0 shield
rPois  .         Gourm    .     (no helmet)
rElec  .         Spirit   .     (no cloak)
rCorr  .         Warding  .     (no gloves)
rMut   .         NoTele   +     (no boots)
MR     .....                    (no amulet)
Stlth  ..........               (no ring)
                                (no ring)

@: berserking, lethally poisoned, very quick, not resistant to hostile
enchantments, extremely unstealthy
A: no striking features
a: Renounce Religion


You were in the Dungeon.
You worshipped Makhleb.
Makhleb was aware of your devotion.
You were hungry.

You visited 1 branch

Inventory:

Hand weapons
 a - a +0 war axe (weapon)
 l - a +1 long sword of flaming
Armour
 c - a +0 shield (worn)
 m - a +3 chain mail (worn)
Scrolls
 k - a scroll of blinking
 p - 3 scrolls of remove curse
 q - 5 scrolls of amnesia
 r - a scroll of summoning
 s - 2 scrolls of vulnerability
Potions
 e - a potion of might
 f - 6 potions of curing
 g - 6 potions of heal wounds
 h - a potion of haste
 i - 4 potions of magic
 j - a potion of berserk rage
 o - 2 potions of invisibility
Comestibles
 b - 40 fruits
 d - 8 meat rations
 n - 7 bread rations


   Skills:
 + Level 10.8 Fighting
 * Level 15.1 Axes
 - Level 3.2 Armour
 - Level 3.2 Shields


You had 6 spell levels left.
You didn't know any spells.

Dungeon Overview and Level Annotations

Branches:
Dungeon (1/1)

Altars:
Ashenzari
Cheibriados
Dithmenos
Elyvilon
Fedhas
Gozag
Kikubaaqudgha
Makhleb
Nemelex Xobeh
Okawaru
Qazlal
Ru
Sif Muna
Trog
Vehumet
Xom
Yredelemnul
Zin
The Shining One
Beogh
Jiyva
Lugonu


Message History

The brain worm's bulging head throbs.
You feel dopey. Something feeds on your intellect!
You barely miss the emperor scorpion. The emperor scorpion stings you!!
* * * LOW HITPOINT WARNING * * *
You are lethally poisoned!
The emperor scorpion poisons you! The emperor scorpion claws you.
* * * LOW HITPOINT WARNING * * *
The emperor scorpion claws you but does no damage.
You hit the emperor scorpion but do no damage.
* * * LOW HITPOINT WARNING * * *
You feel very sick.
The brain worm's bulging head throbs.
You feel dopey. Something feeds on your intellect!
You slice the emperor scorpion!!
The emperor scorpion is lightly wounded.
* * * LOW HITPOINT WARNING * * *
You feel sick. The emperor scorpion stings you!!
You die...

# #..# ################..# #..
..................# #..#
..................# #..#
#######''########## #..#
#######''########## #..#
..............##..# #w.#
....#..#......##..# #..#
..............''@.# #..#
..............''s.##########..#
....#..#......##...w...w......#
..............##..............#
#'#####++######################
.....# .....# .....# .<...#


You could see an emperor scorpion and a brain worm.

Vanquished Creatures
  A komodo dragon (D)
  A wyvern (D)
  A giant frog (D)
  A hell rat (D)
  An ooze (D)
  2 hobgoblins (D)
  5 jackals (D)
  A kobold (D)
  2 rats (D)
15 creatures vanquished.

Notes
Turn   | Place    | Note
--------------------------------------------------------------
     0 | D        | Monkaria, the Hill Orc Fighter, began the quest for the Orb.
     0 | D        | Reached XP level 1. HP: 19/19 MP: 1/1
    15 | D        | Reached skill level 4 in Fighting
   285 | D        | Reached XP level 2. HP: 26/28 MP: 2/2
   288 | D        | Reached skill level 5 in Axes
   299 | D        | Noticed a giant frog
   326 | D        | Killed a giant frog
   326 | D        | Reached skill level 6 in Fighting
   326 | D        | Reached skill level 9 in Axes
   326 | D        | Reached XP level 3. HP: 13/38 MP: 3/3
   326 | D        | Reached XP level 4. HP: 15/45 MP: 4/4
   606 | D        | Found a sacrificial altar of Ru.
   606 | D        | Found a basalt altar of Yredelemnul.
   606 | D        | Found a glowing golden altar of the Shining One.
   606 | D        | Found a deep blue altar of Sif Muna.
   606 | D        | Found a burning altar of Makhleb.
   606 | D        | Found an ancient bone altar of Kikubaaqudgha.
   606 | D        | Found a glowing silver altar of Zin.
   607 | D        | Found a shadowy altar of Dithmenos.
   607 | D        | Found a bloodstained altar of Trog.
   607 | D        | Found a shattered altar of Ashenzari.
   607 | D        | Found a white marble altar of Elyvilon.
   607 | D        | Found a snail-covered altar of Cheibriados.
   607 | D        | Found a blossoming altar of Fedhas.
   607 | D        | Found a radiant altar of Vehumet.
   607 | D        | Found a shimmering altar of Xom.
   607 | D        | Found a sparkling altar of Nemelex Xobeh.
   607 | D        | Found a corrupted altar of Lugonu.
   607 | D        | Found a viscous altar of Jiyva.
   607 | D        | Found a roughly hewn altar of Beogh.
   607 | D        | Found an iron altar of Okawaru.
   611 | D        | Found a stormy altar of Qazlal.
   612 | D        | Found an opulent altar of Gozag.
   626 | D        | Became a worshipper of Makhleb the Destroyer
   712 | D        | Noticed a wyvern
   712 | D        | Noticed a hell rat
   722 | D        | Killed a hell rat
   722 | D        | Reached skill level 10 in Axes
   724 | D        | Killed a wyvern
   724 | D        | Acquired Makhleb's first power
   724 | D        | Reached skill level 12 in Axes
   724 | D        | Reached XP level 5. HP: 20/57 MP: 5/5
   724 | D        | Reached XP level 6. HP: 22/63 MP: 6/6
   961 | D        | Noticed a brain worm
   961 | D        | Noticed an emperor scorpion
   961 | D        | Noticed a komodo dragon
   980 | D        | Killed a komodo dragon
   980 | D        | Reached skill level 10 in Fighting
   980 | D        | Reached skill level 15 in Axes
   980 | D        | Reached XP level 7. HP: 40/73 MP: 7/7
   983 | D        | Mangled by an emperor scorpion

Action                   |  1- 3 |  4- 6 |  7- 9 || total
-------------------------+-------+-------+-------++-------
Melee: War axe           |    43 |    12 |     3 ||    58
  Use: Potion            |       |     2 |       ||     2
